 Dungeon Crawl Stone Soup version 0.28.0 (webtiles) character file.

Game seed: 13735120172243383318

165 funkygono the Firebug (level 5, -3/28 HPs)
             Began as a Gargoyle Fire Elementalist on Feb 18, 2022.
             Blown up by Ijyb (20 damage)
             ... with a mindburst bolt
             ... on level 3 of the Dungeon.
             The game lasted 00:04:31 (2922 turns).

funkygono the Firebug (Gargoyle Fire Elementalist)  Turns: 2922, Time: 00:04:31

Health: -3/28      AC:  9    Str: 12    XL:     5   Next: 46%
Magic:  0/10       EV: 12    Int: 17    God:
Gold:   114        SH:  0    Dex: 10    Spells: 0/10 levels left

rFire   . . .      SeeInvis .   c - +0 mace
rCold   . . .      Faith    .   (no shield)
rNeg    + . .      Spirit   .   a - +0 robe
rPois   ∞          Reflect  .   (no helmet)
rElec   +          Harm     .   (no cloak)
rCorr   .          Rampage  .   (no gloves)
Will    .....                   o - +2 pair of boots
Stlth   ++........              (no amulet)
HPRegen 0.09/turn               (no ring)
MPRegen 0.12/turn               (no ring)

@: no status effects
A: sickness immunity, AC +4, negative energy resistance 1, electricity
resistance, torment resistance 1, petrification resistance
a: no special abilities


You were on level 3 of the Dungeon.
You visited 1 branch of the dungeon, and saw 3 of its levels.

You collected 114 gold pieces.

Inventory:

Hand Weapons
 c - a +0 mace (weapon)
 m - a +0 whip
Missiles
 b - 145 stones
Armour
 a - a +0 robe (worn)
 o - a +2 pair of boots (worn)
 p - a +0 leather armour
Scrolls
 g - a scroll of enchant armour
 h - a scroll of teleportation {unknown}
 j - a scroll of noise {unknown}
Potions
 d - a potion of curing {unknown}
 e - 2 potions of brilliance
 f - a potion of attraction {unknown}
 i - a potion of lignification {unknown}


   Skills:
 + Level 1.7 Dodging
 - Level 2.1 Stealth
 * Level 3.4 Spellcasting
 * Level 2.2 Conjurations
 * Level 4.5 Fire Magic


You couldn't memorise any spells.
You knew the following spells:

 Your Spells              Type           Power      Damage    Failure   Level
a - Foxfire               Conj/Fire      56%        2x1d6     4%          1
b - Scorch                Fire           36%        2d7       4%          2
c - Conjure Flame         Conj/Fire      14%        6-21      12%         3
d - Flame Wave            Conj/Fire      14%        2d6       38%         4

Your spell library contained the following spells:

 Spells                   Type           Power      Damage    Failure   Level
 Sting                    Tmut/Pois      8%         1d3       17%         1
 Inner Flame              Hex/Fire       10%        N/A       21%         3
 Poisonous Vapours        Pois/Air       4%         N/A       26%         2
 Olgreb's Toxic Radiance  Pois           2%         N/A       86%         4


Dungeon Overview and Level Annotations

Branches:
Dungeon (3/15)

Altars:

Shops:
D:1 :

Annotations:
D:3 1 runed translucent door, Ijyb; nado's ghost, amateur DjCj


Innate Abilities, Weirdness & Mutations

You are immune to sickness and miasma.
Your stone body is resilient. (AC +4)
You are immune to poison.
You resist negative energy. (rN+)
You are resistant to electric shocks. (rElec)
You are resistant to unholy torment.
You are immune to petrification.


Message History

Ijyb is heavily wounded.
The foxfire hits Ijyb but does no damage.
Ijyb is heavily wounded.
Casting: Foxfire (safe; 4% risk of failure)
Confirm with . or Enter, or press ? or * to list all spells.
You conjure some foxfire!
The foxfire hits Ijyb but does no damage.
Ijyb is heavily wounded.
Unknown command.
The foxfire hits Ijyb.
Ijyb is severely wounded.
The foxfire hits Ijyb but does no damage.
Ijyb is severely wounded.
The foxfire hits Ijyb.
Ijyb is almost dead.
The hound bites you but does no damage.
Casting: Foxfire (safe; 4% risk of failure)
Confirm with . or Enter, or press ? or * to list all spells.
You conjure some foxfire!
The hound closely misses you. Ijyb misses you.
Unknown command.
The foxfire hits the hound.
The hound is lightly wounded.
The foxfire hits Ijyb but does no damage.
Ijyb is almost dead.
The hound closely misses you. The hound bites you. The hound barely misses you.
The hound bites you.
Casting: Foxfire (safe; 4% risk of failure)
Confirm with . or Enter, or press ? or * to list all spells.
Flames lash the hound.
The hound is severely wounded.
The hound's fire resistance burns away.
The hound bites you but does no damage.
Unknown command.
Casting: Scorch (safe; 4% risk of failure)
Confirm with . or Enter, or press ? or * to list all spells.
Flames lash the hound.
The hound is burned terribly!
You kill the hound!
Ijyb zaps a wand.
Your mind is blasted!
Ouch! That really hurt!
You die...

#+# #..#.#..# #.#
#.......# #.#
####.####
.########.## #.#
...........## #.#
.######.....# #.#
#
#....###########.#
#
#.#.####.........#
#
#...g.@..#########
# ########## #


You could see Ijyb.

Vanquished Creatures
  A water moccasin zombie (D:3)
  A hound (D:3)
  A gnoll (D:1)
  3 adders
  2 worms
  2 dart slugs (D:1)
  7 bats
  3 endoplasms (D:1)
  A giant cockroach (D:1)
  9 goblins
  7 hobgoblins
  2 kobolds
  4 quokkas
  9 ball pythons
  3 frilled lizards
  3 rats
58 creatures vanquished.

Vanquished Creatures (others)
  185 foxfires
185 creatures vanquished.

Grand Total: 243 creatures vanquished

Notes
Turn   | Place    | Note
-------+----------+-------------------------------------------
     0 | D:1      | funkygono the Gargoyle Fire Elementalist began the quest
                  | for the Orb.
     0 | D:1      | Reached XP level 1. HP: 10/10 MP: 3/3
   158 | D:1      | Reached XP level 2. HP: 15/15 MP: 1/5
   487 | D:1      | Reached XP level 3. HP: 19/19 MP: 0/6
   490 | D:1      | Learned a level 2 spell: Scorch
   494 | D:1      | Learned a level 3 spell: Conjure Flame
   853 | D:1      | Found a faded altar of an unknown god.
   892 | D:1      | Found Kusaboas's Book Boutique.
  1256 | D:2      | Reached skill level 4 in Fire Magic
  1551 | D:2      | Reached XP level 4. HP: 22/24 MP: 2/7
  2240 | D:3      | Reached XP level 5. HP: 17/28 MP: 0/10
  2387 | D:3      | Learned a level 4 spell: Flame Wave
  2826 | D:3      | Found a runed translucent door.
  2826 | D:3      | Noticed nado's ghost (amateur DjCj)
  2904 | D:3      | Noticed Ijyb
  2922 | D:3      | Blown up by Ijyb

Illustrated notes

Levels and vault maps discovered:
D:1:      dpeg_arrival_morbid_curiosity, layout_rooms,
          shapermc_ecumenical_altar_petra, serial_shops, shop
D:2:      layout_basic, amcnicky_mini_rare_corridor_liquid
D:3:      layout_loops_corners, hellmonk_ghost_happy_afterlife, uniq_ijyb

Skill      XL: |  1  2  3  4 |
---------------+-------------+-----
Fire Magic     | 4 |  4.5
Conjurations   | 2 |  2.2
Spellcasting   | 3 |  3.4
Dodging        | |  1.7
Stealth        | |  2.1

Action                   |  1- 3 |  4- 6 || total
-------------------------+-------+-------++-------
Melee: Mace              |       |     7 ||     7
 Cast: Foxfire           |    68 |    38 ||   106
       Scorch            |     2 |    10 ||    12
  Use: Scroll            |       |     7 ||     7
Armor: Robe              |     4 |    12 ||    16
Dodge: Dodged            |     7 |    17 ||    24
